 Dungeon Crawl Stone Soup version 0.21.1-1-g345015f (webtiles) character file.

630 eccles the Chucker (level 7, -5/66 HPs)
             Began as a Troll Hunter on Apr 17, 2018.
             Was a Believer of Trog.
             Slain by Menkaure (7 damage)
             ... on level 4 of the Dungeon on Apr 18, 2018.
             The game lasted 00:20:56 (2761 turns).

eccles the Chucker (Troll Hunter)                   Turns: 2761, Time: 00:20:56

Health: -5/66      AC:  6    Str: 22    XL:     7   Next: 24%
Magic:  6/6        EV: 10    Int:  7    God:    Trog [**....]
Gold:   152        SH:  0    Dex: 11    Spells: 6/6 levels left

rFire    . . .     SeeInvis .   e - +3 short sword
rCold    . . .     Gourm    +   (no shield)
rNeg     . . .     Faith    .   b - +0 robe
rPois    .         Spirit   .   (helmet restricted)
rElec    .         Reflect  .   p - +0 cloak
rCorr    .         Harm     .   (gloves unavailable)
MR       .....                  (boots unavailable)
Stlth    +.........             (no amulet)
HPRegen  0.61/turn              (no ring)
MPRegen  0.10/turn              (no ring)

@: berserk cooldown, flying, slowed, very slow
A: large, unfitting armour, claws 3, fast metabolism 3, gourmand, regeneration
1, shaggy fur 1, tough skin 2
a: Berserk, Trog's Hand, Burn Spellbooks, Renounce Religion


You were on level 4 of the Dungeon.
You worshipped Trog.
Trog was pleased with you.
You were very full.

You visited 1 branch of the dungeon, and saw 4 of its levels.

You collected 152 gold pieces.

Inventory:

Hand Weapons
 a - a +0 short sword
 e - a +3 short sword (weapon)
 n - a +0 hunting sling
 o - a +4 quarterstaff of chaos
Missiles
 c - 4 large rocks
 d - 2 throwing nets
 h - 3 tomahawks of returning (quivered)
 j - 19 sling bullets
Armour
 b - a +0 robe (worn)
 i - a +0 ring mail
 p - a +0 cloak (worn)
Jewellery
 g - an uncursed amulet of the gourmand
Scrolls
 k - a scroll of identify
 l - 2 scrolls of remove curse
 m - 2 scrolls of magic mapping
 r - a scroll of teleportation
Comestibles
 f - 13 rations


   Skills:
 + Level 2.8 Fighting
 + Level 4.2 Short Blades
 + Level 5.0 Throwing
 + Level 2.6 Dodging
 + Level 1.0 Stealth


You had 6 spell levels left.
You didn't know any spells.

Dungeon Overview and Level Annotations

Branches:
Dungeon (4/15)
 Temple: D:4-7

Altars:
Ashenzari
Elyvilon
Makhleb
Ru
Trog
Uskayaw
Xom
The Shining One

Annotations:
D:4 Menkaure


Innate Abilities, Weirdness & Mutations

You are too large for most types of armour.
You have claws for hands.
Your metabolism is lightning-fast.
You like to eat raw meat.
Your natural rate of healing is unusually fast.
You are covered in fur. (AC +1)
You have very tough skin. (AC +2)


Message History

You puncture the orc!
You feel the power of Trog in you as your rage grows.
You kill the orc!
Trog accepts your kill.
You feel a strong urge to attack something.
You are no longer berserk.
You pass out from exhaustion.
You feel yourself slow down.
Menkaure calls on the powers of darkness!
The orc convulses!
Your body is wracked with pain!
* * * LOW HITPOINT WARNING * * *
Menkaure hits you!
* * * LOW HITPOINT WARNING * * *
You can move again.
It was a potion of flight.
You feel very buoyant.
You fly up into the air.
Menkaure closely misses you. Menkaure breathes soot at you. Menkaure hits you!
You die... ### o..# o..# #ooo

..#
############.####)
#)Mo...........M..
#@################
#.# #.# #.# #.#
#.# #.# #.# #.#


You could see Menkaure and an orc.

Vanquished Creatures
  Grinder (D:3)
  Sigmund (D:3)
  A howler monkey (D:4)
  An orc priest (D:3)
  An orc wizard (D:4)
  Crazy Yiuf (D:3)
  5 adders
  3 gnolls (D:3)
  An ooze (D:2)
  A worm (D:3)
  2 dart slugs
  A leopard gecko (D:3)
  9 orcs
  A ball python (D:3)
  2 giant cockroaches
  5 goblins
  11 hobgoblins
  10 jackals
  5 kobolds
  3 quokkas
  6 bats
  3 frilled lizards
  8 rats
82 creatures vanquished.

Notes
Turn   | Place    | Note
-------+----------+-------------------------------------------
     0 | D:1      | eccles the Troll Hunter began the quest for the Orb.
     0 | D:1      | Reached XP level 1. HP: 19/19 MP: 0/0
   188 | D:1      | Reached skill level 4 in Throwing
   188 | D:1      | Reached XP level 2. HP: 27/27 MP: 1/1
   846 | D:2      | Found a burning altar of Makhleb.
   846 | D:2      | Found a shimmering altar of Xom.
   952 | D:2      | Found a white marble altar of Elyvilon.
   956 | D:2      | Found a shattered altar of Ashenzari.
   956 | D:2      | Found a bloodstained altar of Trog.
   970 | D:2      | Became a worshipper of Trog the Wrathful
   993 | D:2      | Reached XP level 3. HP: 33/33 MP: 2/2
  1248 | D:2      | Reached skill level 1 in Short Blades
  1298 | D:2      | Reached XP level 4. HP: 39/42 MP: 3/3
  1768 | D:3      | Found a runed door.
  1772 | D:3      | Noticed Crazy Yiuf
  1780 | D:3      | Killed Crazy Yiuf
  1855 | D:3      | Found a glowing golden altar of the Shining One.
  1872 | D:3      | Reached * piety under Trog
  1883 | D:3      | Reached XP level 5. HP: 37/49 MP: 4/4
  2083 | D:3      | Noticed Sigmund
  2101 | D:3      | Killed Sigmund
  2101 | D:3      | Reached XP level 6. HP: 35/57 MP: 5/5
  2128 | D:3      | Found a sacrificial altar of Ru.
  2150 | D:3      | Noticed Grinder
  2168 | D:3      | Killed Grinder
  2168 | D:3      | Reached skill level 5 in Throwing
  2168 | D:3      | Reached skill level 1 in Stealth
  2168 | D:3      | Reached XP level 7. HP: 11/66 MP: 6/6
  2215 | D:3      | Found a hide-covered altar of Uskayaw.
  2215 | D:3      | Noticed a hand axe
  2219 | D:3      | Noticed a dagger
  2237 | D:3      | Reached ** piety under Trog
  2734 | D:4      | Noticed Menkaure
  2760 | D:4      | HP: 1/66 [Menkaure (14)]
  2761 | D:4      | Slain by Menkaure

Skill      XL: |  1  2  3  4  5  6  7 |
---------------+----------------------+-----
Throwing       | 4 5 |  5.0
Short Blades   | 1 2 3 4 |  4.2
Dodging        | 2 |  2.6
Fighting       | 2 |  2.8
Stealth        | 1 |  1.0

Action                   |  1- 3 |  4- 6 |  7- 9 || total
-------------------------+-------+-------+-------++-------
Melee: Short sword       |    83 |    93 |    55 ||   231
Throw: Large rock        |    18 |     8 |       ||    26
       Throwing net      |     1 |       |       ||     1
       Tomahawk          |       |     7 |     2 ||     9
Invok: Berserk           |       |     3 |     1 ||     4
  Use: Scroll            |     5 |       |       ||     5
       Potion            |     2 |     1 |     1 ||     4
  Eat: Chunk             |    11 |    16 |     7 ||    34
Armor: Robe              |    31 |    13 |    14 ||    58
Dodge: Dodged            |    62 |    31 |    32 ||   125
